 Dungeon Crawl Stone Soup version 0.31.0-9-g3a7656b989 (webtiles) character file.

Game seed: 14869835521582726754

370 qw the Skirmisher (level 6, 0/35 HPs)
             Began as a Deep Elf Hunter on Feb 2, 2024.
             Was an Initiate of Okawaru.
             Slain by a gnoll sergeant
             ... wielding a +0 spear
              (12 damage)
             ... on level 5 of the Dungeon.
             The game lasted 00:00:15 (3329 turns).

qw the Skirmisher (Deep Elf Hunter)                 Turns: 3329, Time: 00:00:16

Health: 0/35       AC:  6    Str: 10    XL:     6   Next: 42%
Magic:  8/8        EV: 11    Int: 14    God:    Okawaru [......]
Gold:   267        SH:  0    Dex: 18    Spells: 5/5 levels left

rFire   . . .        a - +1 shortbow
rCold   . . .        (shield currently unavailable)
rNeg    . . .        f - +1 ring mail
rPois   .            (no helmet)
rElec   .            (no cloak)
rCorr   .            (no gloves)
SInv    .            (no boots)
Will    .....        (no amulet)
Stlth   +            k - +4 ring of slaying {mikee}
HPRegen 0.25/turn    (no ring)
MPRegen 0.11/turn

%: no passive effects
@: no status effects
A: no striking features
a: Renounce Religion


You were on level 5 of the Dungeon.
You worshipped Okawaru.
Okawaru was noncommittal.
You visited 1 branch of the dungeon, and saw 5 of its levels.

You collected 267 gold pieces.


   Skills:
 - Level 2.1 Fighting
 - Level 10.0 Ranged Weapons
 + Level 2.4 Dodging
 - Level 1.2 Stealth


You had 5 spell levels left.
You didn't know any spells.
Your spell library was empty.

Inventory:

Hand Weapons
 a - a +1 shortbow (weapon)
Armour
 f - a +1 ring mail (worn)
Jewellery
 k - a +4 ring of slaying (left hand) {mikee}
Wands
 b - a wand of roots (6)
 l - a wand of flame (25)
Potions
 e - a potion of curing
 g - 3 potions of might
 h - a potion of enlightenment
 i - a potion of magic {unknown}
 o - a potion of resistance {unknown}

Dungeon Overview and Level Annotations

Branches:
Dungeon (5/15)
 Temple: D:4-7

Altars:
Dithmenos
Okawaru

Shops:
D:4 =


Message History

You shoot an arrow. The arrow hits the gnoll.
You kill the gnoll!
Okawaru accepts your kill.
Your Ranged Weapons skill increases to level 10!
You shoot an arrow. The arrow hits the gnoll sergeant.
The gnoll sergeant is lightly wounded.
You shoot an arrow.
The arrow closely misses the gnoll sergeant.
The gnoll sergeant hits you from afar with a +0 spear.
A gnoll comes into view. It is wielding a +0 halberd.
You shoot an arrow. The gnoll shouts!
The arrow hits the gnoll sergeant.
The gnoll sergeant is lightly wounded.
You hear a shout!
The gnoll sergeant barely misses you.
You shoot an arrow.
The arrow hits the gnoll sergeant but does no damage.
The gnoll sergeant is lightly wounded.
The gnoll sergeant hits you but does no damage.
You shoot an arrow. The arrow hits the gnoll sergeant.
The gnoll sergeant is lightly wounded.
The gnoll sergeant hits you from afar with a +0 spear!
You shoot an arrow. The gnoll sergeant blocks the arrow.
The gnoll shouts!
You hear a shout!
The gnoll sergeant hits you from afar with a +0 spear!
3327 ||| DRINKING potion of heal wounds.
You feel much better. The gnoll barely misses you.
The gnoll sergeant hits you from afar with a +0 spear.
An ufetubus comes into view.
3328 ||| RETREEEEATING.
The gnoll hits you with a +0 halberd!
The gnoll sergeant hits you but does no damage.
You see here a +0 club.
You shoot an arrow. The gnoll sergeant blocks the arrow.
A gnoll comes into view. It is wielding a +0 club.
The gnoll sergeant hits you with a +0 spear!
You die... #.......# og....

#.....<.# #......
#.......#####.Y...Y.
#...........g.#
#.............#
#.......##.5###
##########.g#
##.ggg# ##..##@#
#..###.# #.## #...#
#.# ###...# ###.#
#### #...#
##.#######
#.........
########.#.######


You could see a gnoll sergeant, 4 gnolls and an ufetubus.

Vanquished Creatures
  An ice beast (D:5)
  A hound (D:5)
  An iguana (D:4)
  6 gnolls
  4 adders
  A white imp (D:3)
  3 dart slugs (D:1)
  5 ribbon worms
  3 orcs
  6 bats
  8 endoplasms
  2 giant cockroaches
  10 hobgoblins
  2 jackals (D:4)
  10 quokkas
  6 ball pythons
  4 frilled lizards
  9 goblins
  13 kobolds
  7 rats
102 creatures vanquished.

Notes
Turn   | Place    | Note
-------+----------+-------------------------------------------
     0 | D:1      | qw the Deep Elf Hunter began the quest for the Orb.
     0 | D:1      | Reached XP level 1. HP: 12/12 MP: 3/3
     0 | D:1      | 0 ||| qw: Version: 0.3-a-155-g5e7d8dd
     0 | D:1      | 0 ||| qw: Game counter: 2477
     0 | D:1      | 0 ||| qw: Melee chars always use a shield: true
     0 | D:1      | 0 ||| qw: God list: Okawaru
     0 | D:1      | 0 ||| qw: Allow faded altars: false
     0 | D:1      | 0 ||| qw: Do Orc after clearing Dungeon:15 true
     0 | D:1      | 0 ||| qw: Do second Lair branch before Depths: true
     0 | D:1      | 0 ||| qw: Lair rune preference: random
     0 | D:1      | 0 ||| qw: Goals: Normal
     0 | D:1      | 0 ||| PLANNING D:1-11
   108 | D:1      | Reached XP level 2. HP: 16/16 MP: 4/4
   119 | D:1      | Reached skill level 6 in Ranged Weapons
   182 | D:1      | Reached XP level 3. HP: 20/20 MP: 5/5
   511 | D:1      | Reached skill level 7 in Ranged Weapons
   726 | D:1      | 726 ||| UPGRADING to +0 ring mail.
   736 | D:1      | 736 ||| DROPPING +0 leather armour.
   737 | D:1      | 737 ||| READING scroll labelled DELEPE BUICHE.
   738 | D:1      | 738 ||| DROPPING scroll of butterflies.
   902 | D:2      | Reached XP level 4. HP: 25/25 MP: 6/6
  1047 | D:2      | Found a shadowy altar of Dithmenos.
  1457 | D:2      | Reached skill level 8 in Ranged Weapons
  1461 | D:2      | 1461 ||| FLEEEEING.
  1462 | D:2      | 1462 ||| FLEEEEING.
  1463 | D:2      | 1463 ||| FLEEEEING.
  1634 | D:2      | 1634 ||| DROPPING amulet of magic regeneration.
  1635 | D:2      | 1635 ||| READING scroll labelled ESEWOEXUOKK.
  1635 | D:2      | 1635 ||| IDENTIFYING white potion
  1636 | D:2      | 1636 ||| READING scroll labelled XUHING ADUONKI.
  1636 | D:2      | 1636 ||| ENCHANTING +0 ring mail.
  1637 | D:2      | 1637 ||| READING scroll labelled BULOUS OVVOFOG.
  1637 | D:2      | 1637 ||| ENCHANTING +0 shortbow.
  1638 | D:2      | 1638 ||| DRINKING 2 murky brown potions.
  1663 | D:3      | Reached XP level 5. HP: 29/29 MP: 7/7
  1787 | D:3      | Found an iron altar of Okawaru.
  1788 | D:3      | 1788 ||| PLANNING OKAWARU WORSHIP
  1800 | D:3      | Became a worshipper of Warmaster Okawaru
  1801 | D:3      | 1801 ||| PLANNING D:1-11
  1803 | D:3      | Found a faded altar of an unknown god.
  2603 | D:3      | 2603 ||| READING scroll of identify.
  2603 | D:3      | 2603 ||| IDENTIFYING metallic purple potion
  2604 | D:3      | 2604 ||| READING scroll labelled WOKLU ZEOQOSOG.
  2605 | D:3      | 2605 ||| DROPPING potion of attraction.
  2727 | D:4      | Reached skill level 9 in Ranged Weapons
  2744 | D:4      | Found Anworresi's Jewellery Shoppe.
  2756 | D:4      | 2756 ||| SHOPLISTING +4 ring of protection (468 gold, have
                  | 213).
  2756 | D:4      | 2756 ||| SHOPLISTING +6 ring of dexterity (468 gold, have
                  | 213).
  2756 | D:4      | 2756 ||| SHOPLISTING amulet of the acrobat (390 gold, have
                  | 213).
  2756 | D:4      | 2756 ||| SHOPLISTING ring of protection from cold (325
                  | gold, have 213).
  3149 | D:4      | 3149 ||| UPGRADING to +4 ring of slaying {mikee}.
  3150 | D:4      | 3150 ||| READING scroll of identify.
  3150 | D:4      | 3150 ||| IDENTIFYING viscous black potion
  3151 | D:4      | 3151 ||| READING scroll labelled NOUN ULEENEBUA.
  3154 | D:4      | 3154 ||| READING 4 scrolls labelled MISTRE NATE.
  3155 | D:4      | 3155 ||| READING scroll labelled IRGHUK ERIACOTZ.
  3156 | D:4      | 3156 ||| DRINKING 2 grey potions.
  3157 | D:4      | 3157 ||| DROPPING 3 scrolls of poison.
  3159 | D:4      | 3159 ||| Stepping ~*~*~tactically~*~*~ (cloud).
  3167 | D:4      | HP: 7/30 [poisoned by you (poison gas)]
  3273 | D:5      | Entered Level 5 of the Dungeon
  3301 | D:5      | Noticed an ice beast
  3302 | D:5      | 3302 ||| RETREEEEATING.
  3303 | D:5      | 3303 ||| RETREEEEATING.
  3304 | D:5      | 3304 ||| RETREEEEATING.
  3305 | D:5      | 3305 ||| RETREEEEATING.
  3306 | D:5      | 3306 ||| RETREEEEATING.
  3308 | D:5      | 3308 ||| RETREEEEATING.
  3314 | D:5      | Reached XP level 6. HP: 34/35 MP: 8/8
  3318 | D:5      | Killed an ice beast
  3321 | D:5      | Reached skill level 10 in Ranged Weapons
  3326 | D:5      | HP: 5/35 [gnoll sergeant/+0 spear (8)]
  3327 | D:5      | 3327 ||| DRINKING potion of heal wounds.
  3328 | D:5      | 3328 ||| RETREEEEATING.
  3329 | D:5      | Slain by a gnoll sergeant

Levels and vault maps discovered:
D:1:      lemuel_arrival_room, layout_basic, minmay_nonomino_d4
D:2:      layout_basic, basic_altar
D:3:      cheibrodos_old_hovel, layout_basic, okawaru_ov_weapons_minmay,
          serial_co_window_serial, co_window_paths_a, co_window_corner_a,
          co_window_paths_b, co_window_paths_a, co_window_paths_a,
          co_window_unsneaky_path_c, co_window_broadway_c, co_window_2corner,
          co_window_corner_b, co_window_paths_e, glass_columns_a,
          glass_columns_b, glass_columns_b, glass_columns_a,
          ebering_ecumenical_altar_sacrificial, hangedman_decor_push
D:4:      layout_cave_pools, serial_shops, nicolae_shop_crystal
D:5:      layout_rooms, regret_index_kikubaaqudgha_part_by_part,
          lemuel_temple_firewalk_b, uniq_menkaure, uniq_crazy_yiuf_cottage

Skill      XL: |  1  2  3  4  5  6 |
---------------+-------------------+-----
Ranged Weapons | 6 7 8 9 10 | 10.0
Fighting       | 2 |  2.1
Dodging        | |  2.4
Stealth        | |  1.2

Action                     |  1- 3 |  4- 6 || total
---------------------------+-------+-------++-------
   Fire: Shortbow          |   125 |   182 ||   307
    Use: Scroll            |     1 |     9 ||    10
         Potion            |       |     3 ||     3
 Armour: Leather armour    |    13 |       ||    13
         Ring mail         |     3 |    68 ||    71
  Dodge: Dodged            |    27 |    53 ||    80

Table legend:
 A = Non-vault XP
 B = Vault XP
 C = Vault XP percentage of total XP
 D = Non-vault monster count
 E = Vault monster count
 F = Vault count percentage of total count
                 A         B        C        D         E       F
            +---------+---------+-------+---------+---------+-------
      Total |     516 |      13 |   2.5 |      93 |       9 |   8.8
            +---------+---------+-------+---------+---------+-------
        D:1 |      71 |      11 |  13.4 |      33 |       8 |  19.5
        D:2 |     113 |       0 |   0.0 |      22 |       0 |   0.0
        D:3 |      45 |       2 |   4.3 |      15 |       1 |   6.2
        D:4 |      93 |       0 |   0.0 |      19 |       0 |   0.0
        D:5 |     194 |       0 |   0.0 |       4 |       0 |   0.0
            +---------+---------+-------+---------+---------+-------
